 Dungeon Crawl Stone Soup version 0.22-b1-21-g5cfc168 (webtiles) character file.

2963 Lilu the Destroyer (level 9, -9/59 HPs)
             Began as a Deep Elf Conjurer on Aug 4, 2018.
             Was a Priest of Vehumet.
             Killed by divine providence
             ... invoked by an orc priest
              (12 damage)
             ... on level 9 of the Dungeon.
             The game lasted 00:33:27 (9425 turns).

Lilu the Destroyer (Deep Elf Conjurer)              Turns: 9425, Time: 00:33:28

Health: -9/59      AC:  3    Str:  7    XL:     9   Next: 52%
Magic:  15/24      EV: 13    Int: 22    God:    Vehumet [***...]
Gold:   573        SH:  0    Dex: 15    Spells: 7/14 levels left

rFire    . . .     SeeInvis .   t - +6 whip "Eniun" {protect, rC+}
rCold    + . .     Gourm    .   (no shield)
rNeg     . . .     Faith    .   a - +0 robe
rPois    +         Spirit   .   r - +0 helmet
rElec    .         Reflect  .   B - scarf {repulsion}
rCorr    .         Harm     .   (no gloves)
MR       .....                  (no boots)
Stlth    ++........             (no amulet)
HPRegen  0.19/turn              g - ring of magical power
MPRegen  0.19/turn              v - ring of poison resistance

@: repel missiles
A: no striking features
a: Renounce Religion


You were on level 9 of the Dungeon.
You worshipped Vehumet.
Vehumet was most pleased with you.
You were not hungry.

You visited 2 branches of the dungeon, and saw 10 of its levels.
You also visited: Sewer.

You collected 573 gold pieces.

Inventory:

Hand Weapons
 f - a +0 short sword
 t - the +6 whip "Eniun" (weapon) {protect, rC+}
   (You took it off an orc wizard on level 4 of the Dungeon)

   It protects the one who uses it against injury (+AC on strike).
   It protects you from cold.
 w - a +0 shortbow
 C - a +1 long sword of protection
Missiles
 x - 60 arrows
Armour
 a - a +0 robe (worn)
 r - a +0 helmet (worn)
 u - a +0 shield
 B - a scarf of repulsion (worn)
 G - a +0 cloak
 H - a +2 ring mail of cold resistance
Jewellery
 g - a ring of magical power (left hand)
 v - a ring of poison resistance (right hand)
 F - an uncursed ring of magical power
Wands
 J - a wand of acid (8)
Scrolls
 h - 3 scrolls of remove curse {unknown}
 k - a scroll of blinking
 l - 2 scrolls of enchant weapon {unknown}
 m - a scroll of enchant armour {unknown}
 n - 10 scrolls of identify {unknown}
 o - 6 scrolls of teleportation {unknown}
 p - 4 scrolls of fear {unknown}
 s - a scroll of fog {unknown}
 y - a scroll of noise {unknown}
 D - a scroll of magic mapping {unknown}
Potions
 b - 2 potions of berserk rage {unknown}
 d - 7 potions of degeneration {unknown}
 e - 2 potions of brilliance {unknown}
 i - a potion of resistance {unknown}
 j - 4 potions of flight {unknown}
 q - 5 potions of curing {unknown}
 z - 3 potions of agility {unknown}
 A - a potion of invisibility {unknown}
 E - a potion of mutation {unknown}
Comestibles
 c - 19 rations
 I - 8 chunks of flesh


   Skills:
 + Level 7.9 Fighting
 - Level 2.4 Dodging
 - Level 2.4 Stealth
 - Level 3.0 Spellcasting
 - Level 11.0 Conjurations


You had 7 spell levels left.
You knew the following spells:

 Your Spells              Type           Power        Failure   Level  Hunger
a - Magic Dart            Conj           ####         1%          1    None
b - Searing Ray           Conj           ######       1%          2    ##.....
c - Iskenderun's Mystic   Conj           ######..     1%          4    ####...

Your spell library contained the following spells:

 Spells                   Type           Power        Failure   Level  Hunger
 Fulminant Prism          Conj/Hex       ####......   3%          4    ####...
 Dazzling Spray           Conj/Hex       ####..       1%          3    ###....
 Force Lance              Conj/Tloc      ####....     3%          4    ####...


Dungeon Overview and Level Annotations

Branches:
Dungeon (9/15)             Temple (1/1) D:4
   Lair: D:8-11         Orc: D:9-12

Altars:
Ashenzari
Cheibriados
Dithmenos
Elyvilon
Fedhas
Gozag
Hepliaklqana
Kikubaaqudgha
Makhleb
Okawaru
Qazlal
Ru
Sif Muna
Uskayaw
Vehumet
Wu Jian
Xom
Yredelemnul
The Shining One


Message History

You kill the orc!
Vehumet accepts your kill.
You feel your power returning.
The orc warrior hits you with a battleaxe!!
Ouch! That really hurt!
* * * LOW HITPOINT WARNING * * *
Casting: Searing Ray (safe; 1% risk of failure)
Confirm with . or Enter, or press ? or * to list all spells.
Aiming: Searing Ray (safe; 1% risk of failure)
Press: ? - help, Shift-Dir - straight line, f/p - orc warrior
Aim: an orc warrior, wielding a battleaxe and wearing a chain mail (almost dead)
The searing ray misses the orc warrior. (Press . to maintain the ray.)
The searing ray hits the orc warrior.
The orc warrior is almost dead.
The orc warrior hits you with a battleaxe!
* * * LOW HITPOINT WARNING * * *
The orc priest invokes the aid of Beogh against you.
Beogh smites you!
You die...

#.#+## #.#
#....# #.#
#....# #.#
#....# #.#
#....# #.#
#....########.##
#....'.........#
#...o###########
###.@)o.....
##########


You could see an orc warrior and an orc priest.

Vanquished Creatures
  Grinder (D:4)
  A hippogriff (D:7)
  A wyvern (D:8)
  3 ogres
  A phantom (D:7)
  A centaur (D:5)
  A big kobold (D:8)
  4 bullfrogs
  4 scorpions
  5 killer bees
  7 crimson imps
  5 jellies
  A centaur skeleton (D:5)
  2 orc priests
  6 orc wizards
  A bullfrog skeleton (D:5)
  Natasha (thrice) (D:3)
  3 iguanas (D:5)
  5 worker ants
  A hound zombie (D:7)
  2 hound skeletons
  13 adders
  A river rat (D:5)
  9 oozes
  An adder zombie (D:8)
  5 worms
  A dart slug (D:3)
  6 leopard geckos
  17 orcs
  5 ball pythons
  8 giant cockroaches
  2 goblins
  6 hobgoblins
  4 jackals (Sewer)
  3 quokkas
  9 bats
  8 kobolds
  A leopard gecko skeleton (D:5)
  A quokka zombie (D:5)
  5 rats
163 creatures vanquished.

Notes
Turn   | Place    | Note
-------+----------+-------------------------------------------
     0 | D:1      | Lilu the Deep Elf Conjurer began the quest for the Orb.
     0 | D:1      | Reached XP level 1. HP: 10/10 MP: 6/6
   914 | D:2      | Reached XP level 2. HP: 5/15 MP: 8/8
   924 | D:2      | Learned a level 2 spell: Searing Ray
  1156 | D:2      | Reached skill level 5 in Conjurations
  1830 | D:3      | Reached XP level 3. HP: 19/19 MP: 9/9
  1831 | D:3      | Noticed Natasha
  1841 | D:3      | Killed Natasha
  1841 | D:3      | Reached skill level 6 in Conjurations
  1938 | D:3      | Reached XP level 4. HP: 16/24 MP: 10/10
  2048 | D:3      | Learned a level 4 spell: Iskenderun's Mystic Blast
  2228 | D:3      | Noticed Natasha
  2235 | D:3      | Killed Natasha
  2381 | D:3      | Reached skill level 7 in Conjurations
  2381 | D:3      | Reached XP level 5. HP: 27/28 MP: 11/11
  2560 | D:3      | Noticed Natasha
  2564 | D:3      | Killed Natasha
  2709 | D:4      | Noticed an ogre
  2729 | D:3      | Killed an ogre
  2729 | D:3      | Reached skill level 8 in Conjurations
  2729 | D:3      | Reached XP level 6. HP: 8/32 MP: 9/12
  3072 | D:4      | Noticed Grinder
  3080 | D:4      | Killed Grinder
  3080 | D:4      | Reached skill level 9 in Conjurations
  3146 | D:4      | Found a shadowy altar of Dithmenos.
  3183 | D:4      | Reached XP level 7. HP: 35/36 MP: 13/13
  3186 | D:4      | Got a shimmering whip {protect}
  3187 | D:4      | Identified the +6 whip "Eniun" {protect, rC+} (You took it off an orc wizard on level 4 of the Dungeon)
  3212 | D:4      | Found an ornate altar of the Wu Jian Council.
  3227 | D:4      | Found a staircase to the Ecumenical Temple.
  3246 | Temple   | Entered the Ecumenical Temple
  3287 | Temple   | Became a worshipper of Vehumet
  3652 | D:5      | Entered Level 5 of the Dungeon
  3805 | D:5      | Reached skill level 10 in Conjurations
  3959 | D:5      | HP: 1/36 [centaur/arrow (6)]
  4120 | D:5      | Found a glowing drain.
  4131 | D:5      | Reached * piety under Vehumet
  4131 | D:5      | Offered knowledge of Sting by Vehumet.
  4147 | Sewer    | Entered a sewer
  5071 | D:5      | Reached ** piety under Vehumet
  5071 | D:5      | Reached XP level 8. HP: 42/42 MP: 14/14
  5230 | D:5      | Found a glowing golden altar of the Shining One.
  5241 | D:5      | Reached skill level 1 in Fighting
  5241 | D:5      | Reached skill level 11 in Conjurations
  5241 | D:5      | Offered knowledge of Freeze by Vehumet.
  5916 | D:5      | Found a hide-covered altar of Uskayaw.
  5916 | D:5      | Found a faded altar of an unknown god.
  5921 | D:5      | Found a shattered altar of Ashenzari.
  5923 | D:5      | Found a hazy altar of Hepliaklqana.
  5925 | D:5      | Found an ancient bone altar of Kikubaaqudgha.
  6422 | D:6      | Noticed a brown ugly thing
  6630 | D:7      | Noticed a hippogriff
  6732 | D:7      | Offered knowledge of Static Discharge by Vehumet.
  6793 | D:7      | Reached skill level 5 in Fighting
  7850 | D:7      | Killed a hippogriff
  7850 | D:7      | Reached XP level 9. HP: 55/55 MP: 15/15
  8471 | D:8      | Found a stormy altar of Qazlal.
  8572 | D:8      | Reached *** piety under Vehumet
  9288 | D:9      | Noticed a two-headed ogre
  9425 | D:9      | Killed from afar by an orc priest

Skill      XL: |  1  2  3  4  5  6  7  8  9 |
---------------+----------------------------+-----
Conjurations   | 5 6 7 8 9 10 11 | 11.0
Fighting       | 6 7 |  7.9
Dodging        | |  2.4
Stealth        | |  2.4
Spellcasting   | |  3.0

Action                   |  1- 3 |  4- 6 |  7- 9 || total
-------------------------+-------+-------+-------++-------
Melee: Short sword       |    23 |     5 |       ||    28
       Unarmed           |     1 |       |       ||     1
       Whip              |       |       |    88 ||    88
 Cast: Magic Dart        |    34 |    39 |    75 ||   148
       Searing Ray       |     3 |     9 |    61 ||    73
       Iskenderun's Myst |       |       |    11 ||    11
  Use: Scroll            |       |       |     3 ||     3
 Stab: Sleeping          |     2 |       |     4 ||     6
  Eat: Chunk             |     3 |     3 |    18 ||    24
       Ration            |       |       |     2 ||     2
Armor: Robe              |    12 |     7 |    54 ||    73
Dodge: Dodged            |    36 |    26 |   125 ||   187
